Map: Temple of the Past

Players

Yuriprime

  • Race: Zerg Zerg
  • Spawn Location: 0:00

LilArrin

  • Race: Terran Terran
  • Spawn Location: 0:00

VOD

Have the link to the VOD?

Description

Time

  • Played on: March 9, 2018, 10:45 p.m.
  • Length: 26:29
Show
View Real Time Build Order
Export as new Build Order

Yuriprime Zerg 

Build Orders:  

Get SALT Encoding   

  6  0:12  Drone x2  
  6  0:18  Drone x2  
  8  0:27  Drone x2  
  9  0:33  Extractor  
  8  0:57  Spawning Pool  
  8  1:12  Evolution Chamber  
  8  1:13  Drone x2  
  8  1:28  Queen  
  10  1:36  Swarmling x3  
  12  1:41  Swarmling x3  
  13  1:53  Overlord  
  13  2:04  Zerg Melee Weapons Level 1  
  13  2:23  Swarmling x3  
  13  2:24  Swarmling x9  
  21  2:30  Swarmling x3  
  21  2:39  Overlord  
  21  2:50  Metabolic Boost  
  21  3:06  Swarmling x12  
  27  3:16  Overlord  
  27  3:25  Swarmling x3  
  27  3:26  Swarmling x3  
  30  3:41  Swarmling x6  
  30  3:42  Swarmling x6  
  30  3:48  Swarmling x3  
  36  4:12  Overlord  
  36  4:13  Swarmling x3  
  37  4:21  Overlord  
  37  4:39  Swarmling x3  
  45  4:40  Swarmling x12  
  38  4:51  Swarmling x3  
  38  4:52  Swarmling x3  
  38  4:59  Swarmling x3  
  41  5:00  Swarmling x12  
  47  5:17  Swarmling x3  
  47  5:18  Swarmling x9  
  53  5:37  Swarmling x3  
  52  5:40  Swarmling x3  
  52  5:48  Swarmling x3  
  49  6:01  Swarmling x3  
  39  6:31  Overlord  
  39  6:32  Drone x2  
  39  6:33  Drone x2  
  39  6:36  Extractor  
  40  7:40  Drone x2  
  40  7:41  Drone x14  
  40  7:49  Hatchery  
  47  7:51  Extractor  
  47  7:52  Extractor  
  46  8:06  Baneling Nest  
  46  8:12  Drone x2  
  46  8:13  Drone x2  
  48  8:29  Heroic Fortitude  
  47  8:34  Lair  
  47  8:52  Drone x4  
  47  8:53  Drone x2  
  50  9:01  Centrifical Hooks, Drone x2  
  50  9:04  Drone x2  
  50  9:09  Drone x2  
  55  9:16  Drone x2  
  56  9:20  Drone x2  
  59  9:46  Scourge Nest  
  59  9:57  Zerg Melee Weapons Level 2  
  59  10:03  Overlord x2  
  61  10:19  Hive  
  63  10:51  Corrosive Acid  
  63  10:53  Evolution Chamber  
  63  11:19  Simplified Genome  
  62  11:27  Hardened Carapace  
  62  12:01  Scourge x8  
  68  12:19  Virulent Spores  
  67  12:21  Rupture  
  69  12:50  Scourge x2  
  69  12:51  Scourge x26  
  84  13:19  Zerg Flyer Weapons Level 1  
  78  13:41  Scourge x2  
  78  13:42  Overlord  
  78  13:43  Overlord x4  
  78  13:46  Medusa Blades  
  78  13:48  Zerg Melee Weapons Level 3  
  79  13:54  Scourge x8  
  79  13:55  Overlord x2  
  79  13:56  Overlord x5  
  79  13:57  Overlord  
  80  14:24  Scourge x2  
  80  14:25  Scourge x30  
  96  14:32  Adrenal Overload  
  91  15:27  Scourge x2  
  91  15:28  Scourge x22  
  91  15:29  Scourge x2  
  99  15:46  Scourge x2  
  99  15:47  Scourge x12  
  99  15:48  Scourge x2  
  95  16:01  Scourge x6  
  95  16:02  Scourge x4  
  100  16:22  Overlord x3  
  100  16:23  Overlord x2  
  100  16:36  Zerg Flyer Weapons Level 2  
  92  17:11  Scourge x2  
  92  17:12  Scourge x12  
  99  17:40  Zerg Ground Armor Level 1  
  87  18:19  Swarmling x12  
  99  18:20  Swarmling x12  
  96  19:33  Scourge x2  
  96  19:34  Scourge x14  
  99  19:54  Scourge x2  
  99  20:54  Scourge x2  
  99  20:55  Scourge x8  
  95  22:06  Zerg Ground Armor Level 2  
  95  22:07  Zerg Flyer Weapons Level 3  
  95  22:11  Scourge x6  
  100  22:39  Scourge x2  
  93  22:40  Scourge x8  
  93  22:41  Scourge x6  
  100  23:35  Scourge x12  
  100  23:36  Scourge x6  
  100  24:44  Scourge x2  
  100  24:45  Scourge x12  
Show
View Real Time Build Order
Export as new Build Order

LilArrin Terran 

Build Orders:  

Get SALT Encoding   

  12  0:03  SCV  
  13  0:20  SCV  
  13  0:26  Refinery  
  14  0:37  SCV  
  15  0:46  Barracks  
  15  1:00  Supply Depot  
  15  1:04  SCV  
  16  1:24  Orbital Command  
  16  1:37  Barracks Reactor  
  16  1:53  Barracks  
  16  2:00  SCV  
  16  2:09  Supply Depot  
  17  2:17  SCV  
  18  2:25  Marine x2  
  20  2:30  Barracks Reactor  
  20  2:34  SCV  
  20  2:36  Marine x2  
  23  2:51  SCV  
  23  2:52  Marine  
  23  2:53  Marine  
  26  3:02  Marine  
  26  3:03  Supply Depot, Marine  
  28  3:13  Marine x2  
  30  3:25  Marine x4  
  34  3:35  Marine x2  
  34  3:38  Marine  
  36  3:42  Supply Depot  
  36  3:51  Marine  
  37  4:10  Marine  
  37  4:11  Marine, SCV  
  37  4:12  Marine x2  
  37  4:17  Supply Depot  
  42  4:30  Marine x4  
  46  4:41  Marine x4, Supply Depot  
  50  4:51  Marine  
  51  5:25  Marine  
  51  5:26  Marine x3  
  55  5:36  Marine x4  
  57  5:46  Marine x3  
  57  5:47  Marine  
  57  5:56  Marine x2  
  57  5:58  Marine x2  
  59  6:06  Marine  
  59  6:07  Marine  
  59  6:08  Marine  
  62  6:10  Marine  
  62  6:18  Marine x3, Supply Depot  
  63  6:20  Marine  
  67  6:58  Command Center  
  67  7:19  SCV  
  68  7:20  Command Center  
  68  7:42  SCV  
  68  7:43  Refinery  
  69  7:52  Command Center  
  69  8:26  Factory  
  69  8:30  Barracks  
  69  8:32  Barracks  
  69  8:37  Engineering Bay  
  69  8:52  Orbital Command, Combat Shields  
  69  8:54  SCV  
  70  9:06  Orbital Command  
  70  9:13  Barracks Tech Lab  
  70  9:15  Barracks Reactor  
  70  9:21  SCV  
  70  9:28  Marine  
  71  9:30  Factory Tech Lab  
  71  9:34  SCV  
  65  9:42  Medic  
  64  9:53  Orbital Command  
  64  9:58  Replenishable Magazine, Marine  
  64  9:59  Medic  
  64  10:06  SCV  
  68  10:12  Medic, Refinery  
  68  10:14  Marine  
  71  10:22  SCV  
  71  10:23  SCV  
  71  10:24  Marine  
  71  10:25  SCV  
  71  10:27  Medic, Marine  
  77  10:39  SCV x2  
  71  10:40  SCV  
  71  10:41  Medic  
  71  10:42  Marine, SCV  
  71  10:46  Vulture  
  77  10:57  Marine x2, Vulture  
  77  10:58  Cerberus Mines  
  80  11:07  Vulture  
  81  11:10  Marine  
  81  11:12  Marine x2  
  81  11:13  Marine  
  81  11:14  Engineering Bay, Medic, Marine  
  82  11:26  Marine, Stabilizer Medpacks  
  82  11:29  Vulture  
  85  11:41  Supply Depot  
  85  11:51  Vulture  
  85  11:57  Marine x2  
  87  12:01  Vulture  
  87  12:02  Terran Infantry Weapons Level 1  
  87  12:05  Marine  
  92  12:11  Vulture  
  92  12:18  Marine x2  
  92  12:19  Medic, Marine  
  75  12:20  Marine  
  94  12:22  Vulture  
  96  12:48  Marine  
  96  12:49  Medic, Marine x2  
  94  12:55  Marine  
  94  12:56  Terran Infantry Armor Level 1  
  100  13:00  Command Center  
  100  13:01  Command Center  
  100  13:09  Marine x2  
  100  13:12  Vulture x2  
  106  13:22  Vulture x2  
  110  13:32  Vulture  
  110  13:33  Vulture  
  114  13:41  Marine x2  
  114  13:43  Concussive Shells, Vulture x2  
  120  13:52  Marine  
  120  13:54  SCV x3  
  120  13:55  Armory  
  124  14:30  Vulture x2, Supply Depot  
  124  14:36  Barracks  
  124  14:37  Barracks  
  128  14:40  Vulture x2  
  132  14:54  Marine x4  
  132  14:55  Medic  
  138  15:09  Medic, Marine x3  
  129  15:10  Marine x2  
  136  15:27  Marine x4  
  137  15:33  Barracks Reactor, Barracks Tech Lab  
  140  15:45  Orbital Command  
  140  15:46  Orbital Command  
  140  16:04  Terran Infantry Weapons Level 2  
  140  16:17  Marine x2  
  140  16:18  Medic, Marine x2  
  145  16:41  Afterburners  
  145  16:47  Marine x2  
  145  16:48  Marine  
  145  16:49  Marine  
  145  16:52  Marine  
  145  16:53  Marine  
  151  17:22  Terran Infantry Armor Level 2  
  151  17:29  Medic, Marine x4  
  151  17:30  Marine x3  
  151  17:31  Medic  
  162  17:40  Marine, Supply Depot  
  162  17:42  Supply Depot  
  163  17:54  Marine  
  163  17:55  Medic, Marine x3  
  163  17:56  Marine  
  170  18:02  Marine x3  
  170  18:05  Marine  
  170  18:06  Medic  
  170  18:08  Marine  
  170  18:09  Marine  
  178  18:20  Marine x2, Supply Depot  
  178  18:22  Supply Depot  
  180  18:41  Marine x3  
  180  18:42  Medic, Marine x2  
  180  18:43  Marine x2  
  189  18:58  Marine  
  189  18:59  Medic, Marine x2  
  194  19:42  Supply Depot  
  194  19:45  SCV x6  
  200  19:53  Missile Turret  
  200  19:55  Terran Infantry Weapons Level 3, Missile Turret  
  200  19:56  Missile Turret x2  
  200  19:57  Missile Turret  
  200  20:01  Missile Turret x2  
  193  20:26  Missile Turret  
  193  20:28  Marine x4  
  193  20:29  Marine  
  192  20:36  Terran Infantry Armor Level 3  
  197  21:17  Missile Turret x2  
  197  21:18  Missile Turret  
  197  21:19  Missile Turret x2  
  197  21:20  Missile Turret  
  197  21:34  Marine x2  
  199  21:47  Missile Turret  
  199  21:48  Missile Turret  
  199  22:10  Marine  
  191  22:36  Missile Turret x3  
  191  22:39  Missile Turret  
  191  22:45  Marine x3  
  191  22:46  Marine  
  191  22:47  Marine x3, Missile Turret  
  191  22:49  Marine x2  
  195  23:04  Missile Turret  
  195  23:05  Missile Turret  
  195  23:09  Missile Turret  
  195  23:30  Marine  
  195  23:31  Marine x4  
  200  23:42  Marine x3  
  200  23:48  Marine x2  
  200  23:49  Marine x3  
  191  23:52  Marine x3  
  191  23:59  Medic  
  145  24:00  Medic  
  200  24:47  Marine  
  200  24:48  Marine x5  
  182  24:51  Marine x2  
  182  24:52  Marine  
  182  24:57  Marine  
  182  24:58  Marine x4  
  182  24:59  Marine  
  171  25:01  Marine x2  
  171  25:02  Marine  
  171  25:08  Marine x4  
  171  25:09  Marine x2  
  179  25:11  Marine  
  179  25:12  Marine x2  
  179  25:18  Marine x3  
  179  25:19  Marine x3  
  188  25:22  Medic, Marine x2  
  188  25:28  Marine x2  
Tags
 
Add a new tag
Caveats
  • Supply blocks, unpowered buildings, or Contaminate may cause inaccurate times.
  • Supply counts are checked every 10 seconds.